 Dungeon Crawl Stone Soup version 0.29-a0-91-gdebf4667c2 (webtiles) character file.

Game seed: 15328457919810465849

3056 enile the Thaumaturge (level 10, 0/67 HPs)
             Began as a Djinni Fire Elementalist on Feb 9, 2022.
             Was a Priest of Hepliaklqana.
             Slain by a troll (8 damage)
             ... on level 7 of the Dungeon.
             The game lasted 00:08:52 (8761 turns).

enile the Thaumaturge (Djinni Fire Elementalist)    Turns: 8761, Time: 00:08:53

Health: 0/67       AC:  6    Str:  7    XL:     10   Next: 11%
Gold:   216        EV: 14    Int: 22    God:    Hepliaklqana [***...] SH:  5 Dex: 25

rFire   + + .      SeeInvis .   x - +2 quarterstaff (spect)
rCold   x . .      Faith    .   (shield currently unavailable)
rNeg    . . .      Spirit   .   t - +0 leather armour
rPois   ∞          Reflect  +   s - +2 helmet
rElec   .          Harm     .   (no cloak)
rCorr   .          Rampage  .   (no gloves)
Will    +....                   (boots unavailable)
Stlth   +++.......              h - amulet of reflection
HPRegen 0.21/turn               f - +6 ring of dexterity
MPRegen 0.00/turn               z - +6 ring of dexterity

@: flying
A: reduced essence, sickness immunity, fire resistance 2, cold vulnerability 1,
float, innate caster, HP casting, extra vitality 1
a: Renounce Religion, Recall Ancestor, Ancestor Identity, Transference


You were on level 7 of the Dungeon.
You worshipped Hepliaklqana.
Hepliaklqana was most pleased with you.
You visited 1 branch of the dungeon, and saw 7 of its levels.

You collected 335 gold pieces.
You spent 119 gold pieces at shops.

Inventory:

Hand Weapons
 i - a +0 war axe
 p - a +2 dagger of venom
 v - a +1 whip of flaming
 x - a +2 spectral quarterstaff (weapon)
 E - a +4 spear
 H - a +5 flail
Armour
 a - a +0 robe
 s - a +2 helmet (worn)
 t - a +0 leather armour (worn)
Jewellery
 f - a +6 ring of dexterity (left hand)
 h - an amulet of reflection (around neck)
 q - an amulet of the acrobat
 z - a +6 ring of dexterity (right hand)
Wands
 o - a wand of flame (27)
 D - a wand of polymorph (17)
 G - a wand of acid (12)
Scrolls
 b - 3 scrolls of blinking
 c - 3 scrolls of amnesia
 d - 2 scrolls of vulnerability
 j - 3 scrolls of magic mapping {unknown}
 r - 2 scrolls of teleportation
 y - a scroll of noise {unknown}
 A - 2 scrolls of brand weapon
 B - a scroll of fog {unknown}
 C - a scroll of enchant weapon {unknown}
 I - a scroll of fear
Potions
 e - 3 potions of invisibility {unknown}
 k - a potion of flight {unknown}
 l - 3 potions of mutation {unknown}
 m - a potion of lignification {unknown}
 n - 2 potions of curing
 u - a potion of degeneration {unknown}
 w - a potion of resistance {unknown}
 F - a potion of cancellation {unknown}


   Skills:
 - Level 7.0 Fighting
 - Level 1.0 Staves
 - Level 1.0 Armour
 - Level 4.0 Dodging
 - Level 3.0 Stealth
 - Level 8.0 Spellcasting
 - Level 3.0 Invocations
 + Level 1.0 Evocations


You had 4 spell levels left.
You knew the following spells:

 Your Spells              Type           Power      Damage    Failure   Level
a - Foxfire               Conj/Fire      100%       2x1d9     1%          1
b - Scorch                Fire           88%        2d9       1%          2
c - Conjure Flame         Conj/Fire      44%        6-21      1%          3
d - Inner Flame           Hex/Fire       44%        N/A       1%          3
e - Flame Wave            Conj/Fire      44%        2d10      4%          4
f - Sandblast             Erth           88%        2d18      1%          1
g - Corpse Rot            Necr/Air       88%        N/A       1%          2
h - Wereblood             Tmut           44%        N/A       1%          2
i - Vampiric Draining     Necr           44%        2d9       1%          3
Your spell library was empty.

Dungeon Overview and Level Annotations

Branches:
Dungeon (7/15)
 Temple: D:4-7

Altars:
Hepliaklqana

Shops:
D:3 (   D:7 ?

Annotations:
D:2 1 runed translucent door, Crazy Yiuf


Innate Abilities, Weirdness & Mutations

Your life essence is reduced to manifest your ancestor. (-10% HP)
You are immune to sickness and miasma.
You are immune to poison.
Your flesh is very heat resistant. (rF++)
You are vulnerable to cold. (rC-)
You float through the air rather than walking.
You learn spells naturally, not from books.
Your magical power is your life essence.
You have superior vitality. (+4 MHP)


Message History

Your Evocations skill increases to level 1!
A troll comes into view.
Casting: Scorch (safe; 1% risk of failure)
Confirm with . or Enter, or press ? or * to list all spells.
You can't see any susceptible monsters within range! (Use Z to cast anyway.)
You swap places.
Casting: Scorch (safe; 1% risk of failure)
Confirm with . or Enter, or press ? or * to list all spells.
Flames lash the troll.
The troll is lightly wounded.
The troll's fire resistance burns away. Æthelred barely misses the troll.
The troll barely misses you. The troll claws you. You block the troll's attack.
Casting: Scorch (safe; 1% risk of failure)
Confirm with . or Enter, or press ? or * to list all spells.
Flames lash the troll.
The troll is burned terribly!
The troll is heavily wounded. Æthelred barely misses the troll.
The troll bites you. The troll claws you but does no damage.
The troll closely misses you. Æthelred barely misses the troll.
The troll bites you but does no damage. The troll barely misses you.
The troll closely misses you.
Casting: Scorch (safe; 1% risk of failure)
Confirm with . or Enter, or press ? or * to list all spells.
Flames lash the troll.
The troll is burned terribly!
The troll is heavily wounded. Æthelred barely misses the troll.
The troll barely misses you. The troll closely misses you.
The troll barely misses you. Æthelred completely misses the troll.
The troll closely misses you. The troll claws you. The troll barely misses you.
Casting: Scorch (safe; 1% risk of failure)
Confirm with . or Enter, or press ? or * to list all spells.
Flames lash the troll.
The troll is burned terribly!
The troll is severely wounded. Æthelred hits the troll with a +0 flail.
The troll bites you!
The troll claws you. x2 Æthelred hits the troll with a +0 flail.
The troll bites you!
* * * LOW HITPOINT WARNING * * *
The troll claws you!
You die...

#....##...#.....†.....
#.#####...#.....###...
#.# #.....######....
### ####.### #....
#....# #.... #....####
##### #......... #
#####.........
#..T@.......^..
./.....R..........
..##..!...........
#..............
#............. ###
.#........... #..
.$#........... #.. ..
####...#### #.. #..


You could see the friendly Æthelred the knight and a troll (combustible, ally
target).

Vanquished Creatures
  Pikel (D:4)
  Grinder (D:6)
  Sigmund (D:2)
  Menkaure (D:7)
  A necrophage (D:6)
  An orc warrior (D:6)
  An ice beast (D:5)
  A centaur (D:7)
  A phantom (D:6)
  3 lemures (D:4)
  A gnoll sergeant (D:7)
  2 scorpions (D:5)
  A bullfrog (D:7)
  2 wights
  A howler monkey (D:5)
  A bullfrog zombie (D:7)
  A hound (D:5)
  3 orc priests
  An iguana (D:7)
  Natasha (thrice) (D:4)
  An orc wizard (D:7)
  Robin (D:4)
  2 gnolls (D:7)
  7 adders
  2 ufetubi
  A worm (D:2)
  3 dart slugs
  7 orcs
  7 endoplasms
  3 giant cockroaches
  16 goblins
  7 hobgoblins
  8 jackals
  3 kobolds
  3 quokkas
  5 ball pythons
  A bat (D:1)
  A frilled lizard (D:3)
  3 rats (D:2)
109 creatures vanquished.

Vanquished Creatures (collateral kills)
  A steam dragon (D:7)
  A black bear (D:6)
  A necrophage (D:5)
  An ogre (D:4)
  A centaur (D:7)
  A scorpion (D:7)
  4 wights (D:6)
  2 hounds
  2 iguanas
  3 gnolls (D:7)
  An orc (D:7)
  A goblin (D:4)
  A kobold (D:3)
  A quokka (D:3)
  A bat (D:2)
22 creatures vanquished.

Vanquished Creatures (others)
  461 foxfires
461 creatures vanquished.

Grand Total: 592 creatures vanquished

Notes
Turn   | Place    | Note
-------+----------+-------------------------------------------
     0 | D:1      | enile the Djinni Fire Elementalist began the quest for the
                  | Orb.
     0 | D:1      | Reached XP level 1. HP: 15/15 MP: 0/0
   442 | D:1      | Reached XP level 2. HP: 19/21 MP: 0/0
   885 | D:1      | Reached skill level 1 in Fighting
  1506 | D:2      | Reached XP level 3. HP: 22/27 MP: 0/0
  1506 | D:2      | Learned a level 1 spell: Sandblast
  1601 | D:2      | Found a runed translucent door.
  1604 | D:2      | Noticed Crazy Yiuf
  2165 | D:2      | Reached XP level 4. HP: 29/34 MP: 0/0
  2379 | D:2      | Found a faded altar of an unknown god.
  2422 | D:2      | Prayed at the altar of an unknown god.
  2422 | D:2      | Became a worshipper of Hepliaklqana the Forgotten
  2422 | D:2      | Reached * piety under Hepliaklqana
  2526 | D:2      | Noticed Sigmund
  2537 | D:2      | Killed Sigmund
  2538 | D:2      | Reached skill level 4 in Spellcasting
  2538 | D:2      | Reached XP level 5. HP: 28/36 MP: 0/0
  2538 | D:2      | Learned a level 2 spell: Corpse Rot
  2538 | D:2      | Reached XP level 6. HP: 32/41 MP: 0/0
  3057 | D:3      | Found Birch's Weapon Emporium.
  3470 | D:3      | Reached ** piety under Hepliaklqana
  3524 | D:3      | Remembered your ancestor Æthelred as a knight
  3719 | D:4      | Noticed an ogre
  3723 | D:4      | Noticed Natasha
  3727 | D:4      | Killed an ogre
  3730 | D:4      | Killed Natasha
  3734 | D:4      | Reached XP level 7. HP: 33/47 MP: 0/0
  3734 | D:4      | Learned a level 2 spell: Wereblood
  3796 | D:4      | Noticed Natasha
  3801 | D:4      | Killed Natasha
  3802 | D:4      | Reached skill level 5 in Fighting
  4076 | D:4      | Noticed Robin
  4086 | D:4      | Killed Robin
  4207 | D:4      | Noticed Natasha
  4212 | D:4      | Killed Natasha
  4213 | D:4      | Reached skill level 1 in Invocations
  4944 | D:4      | Noticed Pikel
  4961 | D:4      | Killed Pikel
  4962 | D:4      | Reached skill level 5 in Spellcasting
  4962 | D:4      | Reached XP level 8. HP: 23/53 MP: 0/0
  5241 | D:5      | Entered Level 5 of the Dungeon
  5767 | D:5      | Reached skill level 6 in Spellcasting
  6080 | D:5      | Reached *** piety under Hepliaklqana
  6299 | D:5      | Reached XP level 9. HP: 50/58 MP: 0/0
  6299 | D:5      | Learned a level 3 spell: Vampiric Draining
  6559 | D:6      | Reached skill level 7 in Spellcasting
  6640 | D:6      | Noticed Grinder
  6643 | D:6      | Killed Grinder
  6644 | D:6      | Reached skill level 1 in Staves
  7147 | D:6      | Reached skill level 1 in Armour
  7354 | D:7      | Noticed Menkaure
  7360 | D:7      | Killed Menkaure
  8186 | D:7      | Found Yniblaa's Magic Scroll Shoppe.
  8190 | D:7      | Bought a scroll of teleportation for 42 gold pieces
  8190 | D:7      | Bought a scroll of fear for 49 gold pieces
  8190 | D:7      | Bought a scroll of identify for 28 gold pieces
  8291 | D:7      | Reached skill level 8 in Spellcasting
  8291 | D:7      | Reached XP level 10. HP: 20/64 MP: 0/0
  8753 | D:7      | Reached skill level 1 in Evocations
  8761 | D:7      | Slain by a troll

Illustrated notes

Levels and vault maps discovered:
D:1:      mrwooster_arrival_statue_3, layout_loops_ring
D:2:      layout_basic, shapermc_ecumenical_altar_notcrosses,
          uniq_crazy_yiuf_cottage, uniq_sigmund
D:3:      layout_loops_ring, serial_shops, nicolae_shop_bloodbath_and_beyond,
          grunt_decor_fettered
D:4:      layout_gridville, serial_rivers, chequers_serial_rivers_micro_a,
          chequers_serial_rivers_small_b, chequers_serial_rivers_room_a,
          chequers_serial_rivers_small_a, uniq_pikel, uniq_natasha, uniq_robin
D:5:      layout_loops_ring
D:6:      layout_basic, uniq_grinder
D:7:      layout_basic, minitemple, minmay_temple_entry_from_below_a,
          serial_shops, nicolae_shop_trees, uniq_menkaure

Skill      XL: |  1  2  3  4  5  6  7  8  9 10 |
---------------+-------------------------------+-----
Fighting       | 1 2 3 4 5 6 7 |  7.0
Spellcasting   | 4 5 6 8 |  8.0
Dodging        | 3 4 |  4.0
Invocations    | 3 |  3.0
Stealth        | 3 |  3.0
Staves         | 1 |  1.0
Armour         | 1 |  1.0
Evocations     | 1 |  1.0

Action                   |  1- 3 |  4- 6 |  7- 9 | 10-12 || total
-------------------------+-------+-------+-------+-------++-------
Melee: War axe           |       |     1 |     1 |       ||     2
       Quarterstaff      |       |       |    11 |     8 ||    19
 Cast: Foxfire           |    97 |    81 |    99 |     2 ||   279
       Scorch            |     2 |     6 |    55 |    10 ||    73
       Inner Flame       |       |       |     6 |       ||     6
       Wereblood         |       |       |     1 |       ||     1
Invok: Ancestor Life: Kn |       |     1 |       |       ||     1
  Use: Scroll            |       |       |     4 |       ||     4
 Stab: Sleeping          |       |       |     2 |       ||     2
       Distracted        |       |       |     1 |       ||     1
Armor: Robe              |     4 |     3 |     2 |       ||     9
       Leather armour    |       |       |    11 |     5 ||    16
Dodge: Dodged            |    10 |    12 |    28 |    18 ||    68
Block: Other             |       |     2 |    19 |     4 ||    25

Table legend: (Time is in decaauts)
 A = Elapsed time spent in this place.
 B = Non-inter-level travel time spent in this place.
 C = Inter-level travel time spent in this place.
 D = Time resting spent in this place.
 E = Time spent auto-exploring this place.
 F = Levels seen in this place.
 G = Mean time per level.
                   A        B        C        D        E       F      G
               +--------+--------+--------+--------+--------+-----+--------+
         Total |   8770 |   8448 |    322 |    936 |   6391 |   7 | 1252.9 |
       Dungeon |   8770 |   8448 |    322 |    936 |   6391 |   7 | 1252.9 |
               +--------+--------+--------+--------+--------+-----+--------+

Top non-repeatable levels by time:
     D:4: 1723 daAuts
     D:6: 1712 daAuts
     D:1: 1424 daAuts
     D:2: 1417 daAuts
     D:5: 963 daAuts
     D:3: 876 daAuts
     D:7: 653 daAuts
